 Dungeon Crawl Stone Soup version 0.29.1-2-gbd0b4ee654 (webtiles) character file.

Game seed: 12365680408094397926

1832 GorkyZ the Blocker (level 9, -2/54 HPs)
             Began as a Gargoyle Fighter on Nov 29, 2022.
             Killed by divine providence
             ... invoked by an orc priest
              (12 damage)
             ... on level 6 of the Dungeon.
             The game lasted 00:14:57 (6980 turns).

GorkyZ the Blocker (Gargoyle Fighter)               Turns: 6980, Time: 00:14:58

Health: -2/54      AC: 28    Str: 22    XL:     9   Next: 11%
Magic:  9/9        EV: 10    Int:  9    God:
Gold:   251        SH:  6    Dex: 11    Spells: 8/8 levels left

rFire   . . .      SeeInvis .   n - +2 flail (protect)
rCold   . . .      Faith    .   c - +0 buckler
rNeg    + . .      Spirit   .   h - +6 scale mail of Fyghaaz {rElec}
rPois   ∞          Reflect  .   (no helmet)
rElec   +          Harm     .   (no cloak)
rCorr   .          Rampage  .   (no gloves)
Will    .....                   g - +0 pair of boots
Stlth   ..........              (no amulet)
HPRegen 0.18/turn               (no ring)
MPRegen 0.11/turn               (no ring)

@: under a protective aura, studying Shields
A: sickness immunity, AC +6, negative energy resistance 1, electricity
resistance, torment resistance 1, petrification resistance
a: no special abilities


You were on level 6 of the Dungeon.
You visited 2 branches of the dungeon, and saw 7 of its levels.

You collected 341 gold pieces.
You spent 90 gold pieces at shops.

Inventory:

Hand Weapons
 a - a +0 war axe
 n - a +2 flail of protection (weapon)
Missiles
 e - 16 boomerangs
 s - 20 poisoned darts (quivered)
 v - 4 datura-tipped darts
 A - a throwing net
Armour
 b - a +0 scale mail
 c - a +0 buckler (worn)
 g - a +0 pair of boots (worn)
 h - the +6 scale mail of Fyghaaz (worn) {rElec}
   (You found it on level 4 of the Dungeon)

   rElec:     It insulates you from electricity.
 k - a +1 leather armour of willpower
Jewellery
 o - an amulet of regeneration
Wands
 u - a wand of mindburst (1)
 y - a wand of charming (2)
Scrolls
 j - 6 scrolls of teleportation
 p - 2 scrolls of enchant weapon
 r - a scroll of amnesia
 B - a scroll of identify
Potions
 d - 3 potions of might
 f - a potion of magic
 i - 4 potions of curing
 l - a potion of haste {unknown}
 m - a potion of cancellation {unknown}
 q - a potion of attraction {unknown}
 t - 2 potions of ambrosia {unknown}
 w - a potion of flight {unknown}
 x - a potion of lignification {unknown}
 z - 2 potions of heal wounds {unknown}


   Skills:
 + Level 5.4 Fighting
 + Level 4.2 Axes
 + Level 3.6 Throwing
 + Level 5.5 Armour
 + Level 3.1 Dodging
 * Level 8.7 Shields
 + Level 3.4 Evocations


You had 8 spell levels left.
You didn't know any spells.
Your spell library contained the following spells:

 Spells                   Type           Power      Damage    Failure   Level
 Sandblast                Erth           0%         2d4       77%         1
 Shock                    Conj/Air       0%         1d3       77%         1
 Passwall                 Tmut/Erth      0%         N/A       88%         2
 Static Discharge         Conj/Air       0%         3-3/arc   88%         2
 Ozocubu's Armour         Ice            0%         N/A       98%         3
 Stone Arrow              Conj/Erth      0%         3d7       98%         3
 Animate Armour           Summ/Erth      0%         N/A       100%        4
 Dispel Undead            Necr           0%         3d6       100%        4
 Olgreb's Toxic Radiance  Pois           0%         N/A       100%        4
 Sticky Flame             Conj/Fire      0%         2d3       100%        4
 Conjure Ball Lightning   Conj/Air       0%         3x3d6     100%        6
 Ozocubu's Refrigeration  Ice            0%         4d7       100%        7
 Ignition                 Fire           0%         3d3       100%        8
 Lehudib's Crystal Spear  Conj/Erth      0%         10d2      100%        8


Dungeon Overview and Level Annotations

Branches:
Dungeon (6/15)             Temple (1/1) D:5

Altars:
Cheibriados
Elyvilon
Fedhas
Hepliaklqana
Kikubaaqudgha
Makhleb
Nemelex Xobeh
Okawaru
Qazlal
Ru
Sif Muna
Trog
Uskayaw
Vehumet
Wu Jian
Xom
Yredelemnul
Zin
The Shining One

Shops:
D:4 =   D:5 *(?=(


Innate Abilities, Weirdness & Mutations

You are immune to sickness and miasma.
Your stone body is resilient. (AC +6)
You are immune to poison.
You resist negative energy. (rN+)
You are resistant to electric shocks. (rElec)
You are resistant to unholy torment.
You are immune to petrification.


Message History

Your weapon exudes an aura of protection.
The orc is lightly wounded.
You block the orc's attack.
The orc priest hits you but does no damage.
The orc hits you with a +0 flail. The orc hits you but does no damage.
The orc priest casts a cantrip, but nothing happens.
The orc hits you with a +0 flail. The orc attacks as you move away!
You block the orc's attack. x2
The orc priest mumbles some strange prayers to Beogh against you.
Beogh smites you!
Items here: )) [[ ††.
You hit the orc priest.
The orc priest is lightly wounded.
You block the orc's attack.
The orc priest invokes the aid of Beogh against you.
Pain shoots through your body!
* * * LOW HITPOINT WARNING * * *
The orc closely misses you.
You barely miss the orc priest.
The orc priest is lightly wounded.
The orc hits you with a +1 dagger of draining.
* * * LOW HITPOINT WARNING * * *
The orc priest hits you but does no damage.
The orc closely misses you.
You barely miss the orc priest.
The orc priest is lightly wounded.
The orc misses you. The orc priest closely misses you.
The orc barely misses you.
You hit the orc priest.
The orc priest is heavily wounded.
You block the orc's attack. The orc priest closely misses you.
The orc hits you but does no damage. x2
The orc priest hits you but does no damage.
The orc closely misses you.
You completely miss the orc priest.
The orc priest is heavily wounded.
You block the orc's attack.
The orc priest calls down the wrath of Beogh upon you.
Beogh smites you!
You die...

..........#.......##
..........#.......##
..........#.......##
..........#....>...#
..........##'#######
...................#
##########.........#
#...#....#.........#
#.o@#....#.........#
#.oo'....#.........#
#...#....#.........#
#...#....#.........#
#######..#..)......#
#...###..##+#......#
#...........#......#
#...........#......#
#...........#.......


You could see an orc priest and 2 orcs.

Vanquished Creatures
  Grinder (D:5)
  Menkaure (D:6)
  A water moccasin (D:5)
  An ogre (D:5)
  3 phantoms
  2 kobold brigands (D:6)
  2 bullfrogs (D:6)
  2 necrophages
  3 scorpions
  A jelly (D:6)
  A hound (D:6)
  A gnoll bouda (D:6)
  6 iguanas
  2 orc wizards (D:4)
  9 gnolls (D:6)
  3 adders
  A shadow imp (D:5)
  A white imp (D:6)
  An ufetubus (D:4)
  A worm (D:3)
  A dart slug (D:3)
  16 orcs
  8 endoplasms
  A giant cockroach (D:1)
  12 goblins
  7 hobgoblins
  24 kobolds
  4 quokkas
  3 ball pythons
  5 bats
  6 frilled lizards
  5 rats
135 creatures vanquished.

Notes
Turn   | Place    | Note
-------+----------+-------------------------------------------
     0 | D:1      | GorkyZ the Gargoyle Fighter began the quest for the Orb.
     0 | D:1      | Reached XP level 1. HP: 14/14 MP: 1/1
   219 | D:1      | Reached XP level 2. HP: 19/19 MP: 2/2
   863 | D:1      | Reached XP level 3. HP: 23/23 MP: 3/3
  1255 | D:2      | Identified the +1 robe "Osadwiet" {+Blink rElec Dex-5 SInv}
  1634 | D:2      | Reached skill level 1 in Throwing
  2064 | D:3      | Reached XP level 4. HP: 23/28 MP: 4/4
  2256 | D:3      | Found a glowing silver altar of Zin.
  2257 | D:3      | Found a blossoming altar of Fedhas.
  2258 | D:3      | Found a glowing golden altar of the Shining One.
  2525 | D:3      | Reached skill level 1 in Evocations
  2980 | D:3      | Identified a scroll of acquirement
  2980 | D:3      | Acquired a manual of Shields
  3052 | D:4      | Identified the +6 scale mail of Fyghaaz {rElec}
  3091 | D:4      | Reached skill level 1 in Dodging
  3091 | D:4      | Reached XP level 5. HP: 33/33 MP: 5/5
  3263 | D:4      | Reached skill level 4 in Shields
  3471 | D:4      | Reached XP level 6. HP: 31/38 MP: 6/6
  3748 | D:4      | Found Wueczis's Jewellery Emporium.
  4189 | D:5      | Entered Level 5 of the Dungeon
  4363 | D:5      | Reached skill level 5 in Shields
  4363 | D:5      | Reached XP level 7. HP: 43/43 MP: 7/7
  4461 | D:5      | Found a staircase to the Ecumenical Temple.
  4474 | Temple   | Entered the Ecumenical Temple
  4595 | D:5      | Found Ofudghe's Jewellery Emporium.
  4595 | D:5      | Found Wiaguer's Magic Scroll Shoppe.
  4609 | D:5      | Bought a scroll of enchant weapon for 90 gold pieces
  4803 | D:5      | Found Pewegiym's Antique Weapon Boutique.
  5046 | D:5      | Reached skill level 6 in Shields
  5177 | D:5      | Found an ornate altar of the Wu Jian Council.
  5212 | D:5      | Found Bojab's Weapon Shop.
  5324 | D:5      | Reached XP level 8. HP: 43/48 MP: 8/8
  5355 | D:5      | Found Naeq's Assorted Antiques.
  5557 | D:5      | Noticed Grinder
  5559 | D:5      | Paralysed by Grinder for 3 turns
  5585 | D:5      | Killed Grinder
  5586 | D:5      | Reached skill level 7 in Shields
  5696 | D:6      | Reached skill level 5 in Armour
  5785 | D:6      | Reached skill level 5 in Fighting
  5945 | D:6      | HP: 2/49 [acid (9)]
  6229 | D:6      | Noticed Menkaure
  6244 | D:6      | Killed Menkaure
  6245 | D:6      | Reached skill level 8 in Shields
  6503 | D:6      | Found an ancient bone altar of Kikubaaqudgha.
  6571 | D:6      | Found a radiant altar of Vehumet.
  6603 | D:6      | Reached XP level 9. HP: 49/54 MP: 9/9
  6747 | D:6      | Got the Papyrus of the Zephyr
  6980 | D:6      | Killed from afar by an orc priest

Illustrated notes

Levels and vault maps discovered:
D:1:      psy_arrival_heroes, layout_loops_ring, nrook_mini_backslash
D:2:      layout_loops_cross
D:3:      layout_basic, chequers_temple_overflow_statue_of_worship
D:4:      layout_basic, serial_shops, nicolae_lakefront_shop
D:5:      corexii_shack_village, layout_loops_corners,
          nicolae_wu_jian_immortal_techniques,
          minmay_temple_entry_statues_pillars, serial_shops, shop,
          nicolae_stop_n_shop_2, kennysheep_mini_moat, kennysheep_little_box,
          nicolae_shop_advertising_works [nicolae_subvault_shop_adworks],
          corner_web_ring, uniq_grinder
D:6:      layout_gridville, old_standard_altar, nicolae_overflow_crystal_walls,
          uniq_menkaure
Temple:   nicolae_temple_ecumenical_triangle

Skill      XL: |  1  2  3  4  5  6  7  8 |
---------------+-------------------------+-----
Axes           | 2 3 4 |  4.2
Throwing       | 1 2 3 |  3.6
Evocations     | 1 2 3 |  3.4
Dodging        | 1 2 3 |  3.1
Shields        | 4 5 6 8 |  8.7
Fighting       | 4 5 |  5.4
Armour         | 4 5 |  5.5

Action                   |  1- 3 |  4- 6 |  7- 9 || total
-------------------------+-------+-------+-------++-------
Melee: War axe           |   143 |    34 |       ||   177
       Flail             |       |    98 |   311 ||   409
Throw: Dart              |       |       |     8 ||     8
       Boomerang         |       |       |     1 ||     1
  Use: Scroll            |     3 |     6 |     1 ||    10
       Potion            |       |       |     1 ||     1
Armor: Scale mail        |    72 |    69 |   274 ||   415
       Leather armour    |     9 |    11 |       ||    20
Dodge: Dodged            |    81 |    48 |   218 ||   347
Block: Buckler           |    27 |    37 |   122 ||   186
